 Dungeon Crawl Stone Soup version 0.23.2-33-g5129a83184 (webtiles) character file.

Game seed: 1098541925692875935

39 Derp the Cudgeler (level 3, -4/36 HPs)
             Began as a Troll Berserker on July 22, 2019.
             Was a Believer of Trog.
             Slain by an ogre
             ... wielding a +0 giant spiked club
              (20 damage)
             ... on level 2 of the Dungeon.
             The game lasted 00:01:36 (745 turns).

Derp the Cudgeler (Troll Berserker)                  Turns: 745, Time: 00:01:36

Health: -4/36      AC:  6    Str: 26    XL:     3   Next: 26%
Magic:  0/2        EV: 10    Int:  3    God:    Trog [**....]
Gold:   23         SH:  0    Dex:  9    Spells: 2/2 levels left

rFire    . . .     SeeInvis .   a - +0 mace
rCold    . . .     Gourm    +   (no shield)
rNeg     . . .     Faith    .   b - +0 animal skin
rPois    .         Spirit   +   (helmet restricted)
rElec    .         Reflect  .   (no cloak)
rCorr    .         Harm     .   (gloves unavailable)
MR       .....                  (boots unavailable)
Stlth    +.........             f - amulet of guardian spirit
HPRegen  0.52/turn              (no ring)
MPRegen  0.08/turn              (no ring)

@: no status effects
A: large, unfitting armour, claws 3, fast metabolism 3, gourmand, regeneration
1, shaggy fur 1, tough skin 3
a: Berserk, Trog's Hand, Renounce Religion


You were on level 2 of the Dungeon.
You worshipped Trog.
Trog was pleased with you.
You were very hungry.

You visited 1 branch of the dungeon, and saw 2 of its levels.

You collected 23 gold pieces.

Inventory:

Hand Weapons
 a - a +0 mace (weapon)
Armour
 b - a +0 animal skin (worn)
 j - a +0 ring mail
Jewellery
 f - an amulet of guardian spirit (around neck)
Scrolls
 d - a scroll of random uselessness {unknown}
 e - 4 scrolls of remove curse {unknown}
 g - a scroll of fear {unknown}
 k - a scroll of magic mapping {unknown}
 l - a scroll of teleportation {unknown}
 n - a scroll of immolation {unknown}
 o - a scroll of fog {unknown}
Potions
 h - a potion of magic {unknown}
 i - a potion of haste {unknown}
 m - a potion of cancellation {unknown}
 p - 2 potions of agility {unknown}
Comestibles
 c - 5 rations


   Skills:
 + Level 2.7 Fighting
 + Level 3.2 Maces & Flails
 + Level 2.9 Dodging


You had 2 spell levels left.
You didn't know any spells.
Your spell library was empty.

Dungeon Overview and Level Annotations

Branches:
Dungeon (2/15)

Altars:


Innate Abilities, Weirdness & Mutations

You are too large for most types of armour.
You have claws for hands.
Your metabolism is lightning-fast.
You like to eat raw meat.
Your natural rate of healing is unusually fast.
You are covered in fur. (AC +1)
You have extremely tough skin. (AC +3)


Message History

The giant cockroach bites you but does no damage.
The giant cockroach barely misses you.
You thump the giant cockroach!
You kill the giant cockroach!
Trog accepts your kill.
You hit the ogre but do no damage. The ogre closely misses you.
You hit the ogre but do no damage.
The ogre hits you with a +0 giant spiked club!
You barely miss the ogre.
The ogre hits you with a +0 giant spiked club!
You sock the ogre!
The ogre is heavily wounded.
You hit the ogre.
The ogre is heavily wounded.
The ogre closely misses you.
You sock the ogre!
The ogre is almost dead.
The ogre hits you with a +0 giant spiked club!!
Ouch! That really hurt!
You die...

.. ##### #.#.## ... #...#
#....### .... #...# #......#
....###...## ###....#.#
...........# #......#.#
....)......# #####...#)...#
...!.......# #...'.....<..#
...........######.###...........
........)....gO@..# ###.#....#.#
#######.########### ########..
♣.♣ # ..♣ .♣♣♣ .♣ ♣. .


You could see an ogre and a hobgoblin.

Vanquished Creatures
  An ooze (D:2)
  3 dart slugs
  A leopard gecko (D:1)
  2 giant cockroaches
  4 goblins
  2 hobgoblins (D:1)
  2 jackals (D:1)
  5 kobolds
  3 bats (D:1)
  5 rats (D:1)
28 creatures vanquished.

Notes
Turn   | Place    | Note
-------+----------+-------------------------------------------
     0 | D:1      | Derp the Troll Berserker began the quest for the Orb.
     0 | D:1      | Reached XP level 1. HP: 22/22 MP: 0/0
    62 | D:1      | Reached XP level 2. HP: 26/29 MP: 1/1
   261 | D:1      | Reached skill level 3 in Maces & Flails
   670 | D:2      | Reached XP level 3. HP: 36/36 MP: 2/2
   675 | D:2      | Reached ** piety under Trog
   725 | D:2      | Noticed an ogre
   745 | D:2      | Slain by an ogre

Skill      XL: |  1  2 |
---------------+-------+-----
Maces & Flails | 3 |  3.2
Fighting       | |  2.7
Dodging        | |  2.9

Action                   || total
-------------------------++-------
Melee: Mace              ||    88
  Eat: Chunk             ||     3
Armor: Animal skin       ||    34
Dodge: Dodged            ||    46
